 Dungeon Crawl Stone Soup version 0.31-a0-1612-g4aaf141004 (webtiles) character file.

Game seed: 14478555739242155377

201 zenocrate the Sneak (level 5, -3/25 HPs)
             Began as a Vine Stalker Enchanter on Jan 9, 2024.
             Slain by a phantom (4 damage)
             ... on level 4 of the Dungeon.
             The game lasted 00:04:46 (2048 turns).

zenocrate the Sneak (Vine Stalker Enchanter)        Turns: 2048, Time: 00:04:47

Health: -3/25      AC:  3    Str: 11      XL:     5   Next: 79%
Magic:  0/9        EV:  2    Int: 15      God:
Gold:   87         SH:  0    Dex:  0 (16) Spells: 1/8 levels left

rFire   . . .        b - +0 short sword (vamp)
rCold   . . .        (no shield)
rNeg    . . .        i - +0 robe
rPois   .            (no helmet)
rElec   .            (no cloak)
rCorr   .            g - +0 pair of gloves
SInv    .            (no boots)
Will    .....        f - amulet of magic regeneration Stlth
                     s - +5 ring of evasion
HPRegen 1.04/turn    (no ring)
MPRegen 0.51/turn

%: guardian spirit
@: about to teleport, slowed, lost dexterity, very slow
A: fangs 2, regeneration 1, magic shield, antimagic bite, no potion heal 2
a: no special abilities


You were on level 4 of the Dungeon.
You visited 1 branch of the dungeon, and saw 4 of its levels.

You collected 99 gold pieces.
You spent 12 gold pieces at shops.

Inventory:

Hand Weapons
 a - a +0 rapier
 b - a +0 vampiric short sword (weapon)
 q - a +1 dagger
Missiles
 h - 4 poisoned darts (quivered)
 p - a boomerang
Armour
 g - a +0 pair of gloves (worn)
 i - a +0 robe (worn)
Jewellery
 f - an amulet of magic regeneration (around neck)
 s - a +5 ring of evasion (left hand)
Scrolls
 d - a scroll of silence
 e - a scroll of torment
 l - a scroll of revelation {unknown}
 o - a scroll of fog
Potions
 c - a potion of invisibility
 k - a potion of ambrosia
 m - 2 potions of curing
 n - a potion of resistance
 r - a potion of mutation {unknown}
 t - a potion of magic {unknown}


   Skills:
 + Level 1.1 Fighting
 + Level 2.2 Short Blades
 - Level 1.5 Dodging
 + Level 5.3 Stealth
 - Level 2.2 Spellcasting
 + Level 3.9 Hexes
 + Level 2.0 Ice Magic


You had one spell level left.
You knew the following spells:

 Your Spells              Type           Power      Damage    Failure   Level
a - Ensorcelled Hibernat  Hex/Ice        20%        N/A       10%         2
b - Tukima's Dance        Hex            13%        N/A       13%         3
x - Blink                 Tloc           2%         N/A       32%         2

Your spell library contained the following spells:

 Spells                   Type           Power      Damage    Failure   Level
 Freeze                   Ice            28%        1d5       10%         1
 Kiss of Death            Conj/Necr      4%         2d5       22%         1
 Magic Dart               Conj           4%         1d3       22%         1
 Necrotise                Necr           4%         1d4       22%         1
 Confusing Touch          Hex            13%        N/A       13%         3
 Dazzling Flash           Conj/Hex       14%        N/A       28%         3
 Frozen Ramparts          Ice            14%        1d3       28%         3
 Call Imp                 Summ           2%         N/A       32%         2
 Hailstorm                Conj/Ice       4%         3d5       38%         3
 Dispel Undead            Necr           1%         3d6       91%         4


Dungeon Overview and Level Annotations

Branches:
Dungeon (4/15)
 Temple: D:4-7

Altars:
Elyvilon
Qazlal

Shops:
D:3 !


Innate Abilities, Weirdness & Mutations

You have extremely sharp teeth.
Your natural rate of healing is unusually fast.
When hurt, damage is shared between your health and your magic reserves.
Your bite disrupts and absorbs the magic of your enemies.
Potions cannot restore your health.


Message History

The phantom is lightly damaged.
The phantom hits you. x2
* * * LOW HITPOINT WARNING * * *
You closely miss the phantom. Your bite misses the phantom.
The phantom is lightly damaged.
The phantom hits you.
The phantom blinks!
You blink.
You hit the phantom but do no damage. Your bite misses the phantom.
The phantom is lightly damaged.
The phantom hits you.
* * * LOW HITPOINT WARNING * * *
The phantom blinks!
You blink.
The phantom attacks as it pursues you! The phantom hits you.
* * * LOW HITPOINT WARNING * * *
The phantom blinks!
You blink.
The phantom hits you.
* * * LOW HITPOINT WARNING * * *
You hit the phantom but do no damage.
The phantom is lightly damaged.
The phantom hits you.
* * * LOW HITPOINT WARNING * * *
The phantom blinks!
You blink.
A hound comes into view.
Unknown command.
The phantom hits you.
* * * LOW HITPOINT WARNING * * *
The phantom blinks!
You blink.
Found a notched ivory ring.
The phantom hits you.
* * * LOW HITPOINT WARNING * * *
The phantom blinks!
You blink.
As you read the scroll of teleportation, it crumbles to dust.
You feel strangely unstable.
The phantom hits you but does no damage.
The phantom hits you.
* * * LOW HITPOINT WARNING * * *
Unknown command.
You miss the phantom. Your bite misses the phantom.
The phantom is lightly damaged.
The hound bites you.
* * * LOW HITPOINT WARNING * * *
The phantom hits you.
You die...

########### #########
..........# #.......#
..........# #.......#
..........# #.......#
..........# #.......#
..........######.......##
................@.........
...............Wh.........
.§........................
.§..$....................=
..........................
..........................
.........................
...§...§.................
...§.....................


You could see a phantom and a hound.

Vanquished Creatures
  A bombardier beetle (D:3)
  A quasit (D:4)
  An orc wizard (D:3)
  3 adders
  7 dart slugs
  2 ribbon worms
  4 orcs (D:3)
  4 bats
  5 endoplasms
  4 giant cockroaches
  5 goblins
  6 hobgoblins
  A quokka (D:1)
  3 ball pythons
  2 frilled lizards
  8 kobolds
  5 rats
62 creatures vanquished.

Notes
Turn   | Place    | Note
-------+----------+-------------------------------------------
     0 | D:1      | zenocrate the Vine Stalker Enchanter began the quest for
                  | the Orb.
     0 | D:1      | Reached XP level 1. HP: 9/9 MP: 4/4
    75 | D:1      | Reached skill level 1 in Short Blades
    89 | D:1      | Reached XP level 2. HP: 13/13 MP: 4/6
    92 | D:1      | Learned a level 2 spell: Ensorcelled Hibernation
   126 | D:1      | Reached skill level 4 in Stealth
   332 | D:1      | Reached XP level 3. HP: 16/16 MP: 5/7
   557 | D:1      | Found a faded altar of an unknown god.
   561 | D:1      | Got Plato's Omnibus of Blasphemous Words
   571 | D:1      | Learned a level 3 spell: Tukima's Dance
   729 | D:2      | Reached skill level 1 in Ice Magic
   798 | D:2      | Reached XP level 4. HP: 21/21 MP: 8/8
  1132 | D:2      | Learned a level 2 spell: Blink
  1164 | D:3      | Reached skill level 5 in Stealth
  1220 | D:3      | Found a white marble altar of Elyvilon.
  1255 | D:3      | Found a stormy altar of Qazlal.
  1282 | D:3      | Reached XP level 5. HP: 21/25 MP: 5/9
  1726 | D:3      | Found Cetahur's Distillery.
  1734 | D:3      | Bought a potion of degeneration for 12 gold pieces
  1919 | D:4      | Reached skill level 1 in Fighting
  1970 | D:4      | Lost dexterity.
  2012 | D:4      | Noticed a phantom
  2048 | D:4      | HP: 1/25 [hound (3)]
  2048 | D:4      | Slain by a phantom

Illustrated notes

Levels and vault maps discovered:
D:1:      pf_arrival_petrified_forest, layout_rooms,
          shapermc_ecumenical_altar_rom_forum, kennysheep_nondescript
D:2:      layout_basic, serial_forest, infiniplex_forest_corner_1,
          infiniplex_forest_straight_4, infiniplex_forest_lined_2,
          infiniplex_forest_lined_room_2, infiniplex_forest_3_way,
          infiniplex_forest_straight_4, infiniplex_forest_clump_small,
          nrook_campfire
D:3:      layout_loops_cross, mainiacjoe_overflow_tiny_flanked,
          nicolae_qazlal_general_emergency, serial_shops,
          nicolae_shop_industrial_runoff, eino_tiny_chamber,
          serial_bayou_lagoon_b
D:4:      layout_gridville, xom_teletrap_fun, serial_demonic, serial_demonic_c,
          serial_demonic_d, serial_demonic_f, serial_demonic_e,
          serial_demonic_a, grunt_tough_drop, uniq_sigmund

Skill      XL: |  1  2  3  4  5 |
---------------+----------------+-----
Short Blades   | 1 2 |  2.2
Stealth        | 4 5 |  5.3
Ice Magic      | 1 2 |  2.0
Fighting       | 1 |  1.1
Dodging        | |  1.5
Spellcasting   | |  2.2
Hexes          | |  3.9

Action                     |  1- 3 |  4- 6 || total
---------------------------+-------+-------++-------
  Melee: Dagger            |    72 |       ||    72
         Bite              |    27 |    30 ||    57
         Short sword       |    28 |   162 ||   190
         Punch             |       |     1 ||     1
   Cast: Ensorcelled Hiber |     9 |    16 ||    25
    Use: Scroll            |     5 |     5 ||    10
         Potion            |       |     1 ||     1
   Stab: Sleeping          |    11 |    12 ||    23
         Invisible         |       |     4 ||     4
 Armour: Robe              |    46 |   196 ||   242
  Dodge: Dodged            |    53 |   324 ||   377

Table legend: (Time is in decaauts)
 A = Elapsed time spent in this place.
 B = Non-inter-level travel time spent in this place.
 C = Inter-level travel time spent in this place.
 D = Time resting spent in this place.
 E = Time spent auto-exploring this place.
 F = Levels seen in this place.
 G = Mean time per level.
                   A        B        C        D        E       F      G
               +--------+--------+--------+--------+--------+-----+--------+
         Total |   2076 |   2018 |     58 |      0 |   1367 |   4 |  519.0 |
       Dungeon |   2076 |   2018 |     58 |      0 |   1367 |   4 |  519.0 |
               +--------+--------+--------+--------+--------+-----+--------+

Top non-repeatable levels by time:
     D:3: 700 daAuts
     D:1: 583 daAuts
     D:2: 557 daAuts
     D:4: 235 daAuts
